 Dungeon Crawl Stone Soup version 0.28-a0-1429-gf3d713df7a (webtiles) character file.

Game seed: 12959197519953845527

5445 MacCMillion the Fighter (level 10, 85/85 HPs)
             Began as a Demonspawn Fighter on Jan 8, 2022.
             Was a Priest of Okawaru.
             Quit the game on level 9 of the Dungeon.
             The game lasted 00:44:37 (11610 turns).

MacCMillion the Fighter (Demonspawn Fighter)       Turns: 11610, Time: 00:44:38

Health: 85/85      AC:  4    Str: 21    XL:     10   Next: 41%
Magic:  14/14      EV: 16    Int: 10    God:    Okawaru [***...]
Gold:   481        SH: 13    Dex: 12    Spells: 9/9 levels left

rFire   . . .      SeeInvis .   F - +4 scimitar (flame)
rCold   . . .      Faith    .   c - +0 buckler
rNeg    . . .      Spirit   .   G - +0 robe
rPois   .          Reflect  .   (no helmet)
rElec   .          Harm     .   (no cloak)
rCorr   .          Rampage  .   (no gloves)
Will    .....                   E - +1 pair of boots
Stlth   +.........              (no amulet)
HPRegen 0.24/turn               q - +4 ring of evasion
MPRegen 0.14/turn               (no ring)

@: no status effects
A: large bone plates 3, (demonic guardian 1), foul stench 1
a: Renounce Religion, Heroism


You were on level 9 of the Dungeon.
You worshipped Okawaru.
Okawaru was most pleased with you.
You visited 2 branches of the dungeon, and saw 10 of its levels.
You also visited: Sewer.

You collected 517 gold pieces.
You spent 36 gold pieces at shops.

Inventory:

Hand Weapons
 a - a +0 rapier
 z - a +1 dagger of speed
 F - a +4 scimitar of flaming (weapon)
Missiles
 b - 2 throwing nets
 l - 4 boomerangs (quivered)
 u - 40 poisoned darts
 y - 2 curare-tipped darts
Armour
 c - a +0 buckler (worn)
 r - +0 ice dragon scales
 E - a +1 pair of boots (worn)
 G - a +0 robe (worn)
Magical Staves
 D - a staff of poison
Jewellery
 m - an amulet of the acrobat
 q - a +4 ring of evasion (left hand)
Scrolls
 d - a scroll of identify
 e - a scroll of blinking
 g - a scroll of torment
 h - 5 scrolls of fog {unknown}
 i - 3 scrolls of amnesia {unknown}
 n - 2 scrolls of noise {unknown}
 o - 5 scrolls of fear
 s - a scroll of vulnerability {unknown}
 t - 6 scrolls of enchant armour
 v - 3 scrolls of immolation {unknown}
 w - 5 scrolls of teleportation {unknown}
 H - a scroll of magic mapping {unknown}
Potions
 f - a potion of flight {unknown}
 j - 4 potions of heal wounds
 k - 4 potions of haste
 p - 2 potions of magic
 x - 2 potions of brilliance
 A - 3 potions of mutation
 B - a potion of invisibility {unknown}
 C - 2 potions of lignification {unknown}


   Skills:
 - Level 10.0 Fighting
 - Level 6.0(6.5) Short Blades
 + Level 3.8(5.4) Long Blades
 - Level 3.0 Throwing
 + Level 6.4 Armour
 - Level 3.0 Dodging
 - Level 4.0 Shields
 + Level 5.5 Invocations


You had 9 spell levels left.
You didn't know any spells.
Your spell library contained the following spells:

 Spells                   Type           Power      Damage    Failure   Level
 Corpse Rot               Necr/Air       0%         N/A       58%         2
 Poisonous Vapours        Pois/Air       0%         N/A       58%         2
 Dazzling Flash           Conj/Hex       0%         N/A       82%         3
 Inner Flame              Hex/Fire       0%         N/A       82%         3
 Cause Fear               Hex            0%         N/A       99%         4
 Passage of Golubria      Tloc           0%         N/A       99%         4
 Agony                    Necr           0%         N/A       100%        5
 Silence                  Hex/Air        0%         N/A       100%        5
 Yara's Violent Unravell  Hex/Tmut       0%         3d3       100%        5
 Discord                  Hex            0%         N/A       100%        8
 Tukima's Dance           Hex            Unusable   N/A       N/A         3

Dungeon Overview and Level Annotations

Branches:
Dungeon (9/15)             Temple (1/1) D:7           Sewer (visited)
   Lair: D:8-11         Orc: D:9-12

Altars:
Dithmenos
Elyvilon
Fedhas
Gozag
Kikubaaqudgha
Nemelex Xobeh
Okawaru
Qazlal
Sif Muna
Trog
Vehumet
Wu Jian
Xom
Zin
The Shining One

Shops:
D:2 !   D:3 (   D:7 (

Annotations:
D:6 1 runed translucent door, Crazy Yiuf


Innate Abilities, Weirdness & Mutations

You are completely covered in large bone plates. (SH +8)
((A weak demonic guardian rushes to your aid.))
You may rarely emit foul miasma when damaged in melee.


Message History

You kill the centaur!
Okawaru accepts your kill.
No target in view!
HP restored.
Things that are here:
a +0 shortbow; 9 arrows
Items here: ( ))))))) ††††.
There is an open door here.
You see here a +0 robe.
You open the door.
There is an open door here.
You now have 463 gold pieces (gained 10).
You open the door.
There is an open door here.
You now have 475 gold pieces (gained 12).
You now have 481 gold pieces (gained 6).
Done exploring.
Done exploring.
Done exploring.
There is an open door here.
There is a stone staircase leading down here.
Okay, then.
Okay, then.
Okay, then.
Okay, then.
There is a stormy altar of Qazlal here.
There is an open door here.
There is a stone staircase leading up here.
You see here a +0 robe.
G - a +0 robe
Okay, then.
You start removing your armour.
You continue taking off your +0 ice dragon scales. x4
You finish taking off your +0 ice dragon scales.
You start putting on your armour.
You continue putting on your +0 robe. x5
You finish putting on your +0 robe.
Okay, then.
Are you sure you want to abandon this character and quit the game? (Confirm with "yes".)
Okay, then.
Are you sure you want to abandon this character and quit the game? (Confirm with "yes".)

##.°.## #.......#......#......#.
#...# #.......#......#......#.
#...# #.......#.....##......#.
#...# #.......#.....#......##.
#...# #.......#.....#......#..
##...#####.......#.....#......#..
#........#.......#.....#......#..
#..#..>..'.......#.....#......#>.
#..#....##......@#..........÷....
#..#....'.......<#...P..P..P.P...
#..#....#........#...P.......P...
...#....#........#.....P...P.P.##
...#....#........#...P.P._.P.P..#
...#....#.<......'.....P...P.P..#
...#....#........#...........P..#
##########.......###.P.PPPPP.P...
...#...###.......................


There were no monsters in sight!

Vanquished Creatures
  A two-headed ogre (D:9)
  A troll (D:9)
  2 hornets
  Sigmund (D:6)
  A wraith (D:9)
  6 yaks (D:9)
  A water moccasin (D:7)
  3 black bears
  A sky beast (D:6)
  3 ice beasts
  A necrophage (D:7)
  A phantom (D:5)
  3 centaurs
  6 kobold brigands
  A scorpion (D:5)
  2 bullfrogs (D:7)
  A water moccasin zombie (D:7)
  A water moccasin skeleton (D:3)
  6 wights
  2 howler monkeys
  A vampire bat (D:6)
  3 centaur zombies
  2 bullfrog zombies
  A bullfrog skeleton (D:6)
  2 centaur skeletons
  4 hounds
  A jelly (D:7)
  3 iguanas
  An orc wizard (D:3)
  A scorpion zombie (D:5)
  A killer bee zombie (D:8)
  2 hound skeletons
  A gnoll (D:1)
  A howler monkey skeleton (D:7)
  A river rat (Sewer)
  5 adders
  5 white imps
  4 worms
  A dart slug (D:3)
  9 orcs
  8 endoplasms
  8 giant cockroaches
  7 goblins
  6 hobgoblins
  20 kobolds
  A quokka (D:4)
  19 ball pythons
  17 bats
  6 frilled lizards
  8 rats
193 creatures vanquished.

Vanquished Creatures (collateral kills)
  An ogre (D:5)
1 creature vanquished.

Vanquished Creatures (others)
  6 plants (D:9)
6 creatures vanquished.

Grand Total: 200 creatures vanquished

Notes
Turn   | Place    | Note
-------+----------+-------------------------------------------
     0 | D:1      | MacCMillion the Demonspawn Fighter began the quest for the
                  | Orb.
     0 | D:1      | Reached XP level 1. HP: 18/18 MP: 1/1
   231 | D:1      | Gained mutation: You are partially covered in large bone
                  | plates. (SH +4) [demonic ancestry]
   231 | D:1      | Reached XP level 2. HP: 17/24 MP: 2/2
   498 | D:1      | Reached XP level 3. HP: 29/29 MP: 3/3
   618 | D:1      | Found a faded altar of an unknown god.
  1049 | D:2      | Found Iwadig's Distillery.
  1054 | D:2      | Bought a potion of curing for 36 gold pieces
  1500 | D:2      | Reached XP level 4. HP: 34/35 MP: 4/4
  2174 | D:3      | Found Ihuomew's Weapon Shoppe.
  2343 | D:3      | Gained mutation: You are mostly covered in large bone
                  | plates. (SH +6) [demonic ancestry]
  2343 | D:3      | Reached XP level 5. HP: 31/41 MP: 5/5
  2664 | D:4      | Noticed a +0 hand axe
  2665 | D:4      | Noticed a +0 hand axe
  2692 | D:4      | Noticed an ogre
  3309 | D:5      | Entered Level 5 of the Dungeon
  3309 | D:5      | Noticed a phantom
  3350 | D:5      | Gained mutation: A weak demonic guardian rushes to your
                  | aid. [demonic ancestry]
  3350 | D:5      | Reached XP level 6. HP: 31/48 MP: 6/6
  3359 | D:5      | Reached skill level 4 in Fighting
  3931 | D:5      | Gained mutation: You may rarely emit foul miasma when
                  | damaged in melee. [demonic ancestry]
  3931 | D:5      | Reached XP level 7. HP: 35/55 MP: 7/7
  4517 | D:5      | Reached skill level 5 in Short Blades
  4939 | D:6      | Noticed Sigmund
  5130 | D:6      | Reached skill level 5 in Fighting
  5238 | D:6      | Found a glowing drain.
  5272 | Sewer    | Entered a sewer
  5577 | Sewer    | Reached skill level 5 in Armour
  5577 | Sewer    | Reached XP level 8. HP: 62/62 MP: 8/8
  5969 | D:6      | Killed Sigmund
  5970 | D:6      | Reached skill level 6 in Fighting
  6004 | D:6      | Reached skill level 7 in Fighting
  6033 | D:6      | Found a shimmering blue altar of Sif Muna.
  6041 | D:6      | HP: 1/67 [electric eel/bolt of electricity (14)]
  7110 | D:6      | Found a runed translucent door.
  7111 | D:6      | Noticed Crazy Yiuf
  7454 | D:6      | Reached skill level 8 in Fighting
  8062 | D:7      | Found Gotent's Weapon Shop.
  8147 | D:7      | Reached XP level 9. HP: 61/75 MP: 9/9
  8352 | D:7      | Reached skill level 9 in Fighting
  8770 | D:7      | Reached skill level 1 in Dodging
  8774 | D:7      | Found a staircase to the Ecumenical Temple.
  8782 | Temple   | Entered the Ecumenical Temple
  8882 | Temple   | Became a worshipper of Warmaster Okawaru
  8901 | Temple   | Reached skill level 1 in Long Blades
  9121 | D:7      | Reached skill level 1 in Invocations
  9197 | D:8      | Noticed a boulder beetle
  9342 | D:8      | Reached * piety under Okawaru
  9343 | D:8      | Reached skill level 1 in Throwing
 10275 | D:9      | Found a stormy altar of Qazlal.
 10613 | D:9      | Noticed a troll
 10620 | D:9      | Killed a troll
 10825 | D:9      | Reached ** piety under Okawaru
 10826 | D:9      | Gained mutation: You are completely covered in large bone
                  | plates. (SH +8) [demonic ancestry]
 10826 | D:9      | Reached XP level 10. HP: 65/85 MP: 12/12
 10857 | D:9      | Reached skill level 10 in Fighting
 10973 | D:9      | Noticed a two-headed ogre
 10980 | D:9      | Killed a two-headed ogre
 10981 | D:9      | Reached skill level 5 in Invocations
 11345 | D:9      | Reached *** piety under Okawaru
 11610 | D:9      | Quit the game

Illustrated notes

Levels and vault maps discovered:
D:1:      dpeg_arrival_tiny_a, layout_loops_ring,
          hellmonk_ecumenical_altar_leap_of_faith, serial_forest,
          infiniplex_forest_lined_room_3, infiniplex_forest_zigzag_2,
          infiniplex_forest_diagonal, infiniplex_forest_join,
          infiniplex_forest_straight_4, infiniplex_forest_end_1,
          infiniplex_forest_straight_3, minivault_4
D:2:      layout_rooms, serial_shops, shop_fountains
D:3:      layout_rooms, serial_shops, shop
D:4:      layout_basic, minitemple, dancing_weapons_uskayaw, minmay_crystal_room
D:5:      layout_cave_pods, grunt_ministairs_12, minmay_misc_feat_cross
D:6:      minmay_inner_zag, layout_basic, nicolae_overflow_squiral,
          cheibrodos_sewer_entry_drain, st_stairs_7, roderic_batcave,
          uniq_crazy_yiuf_cottage, uniq_sigmund
D:7:      layout_loops_ring, minmay_temple_entry_junction, serial_shops,
          nicolae_shop_crystal, minmay_misc_feat_pillars
D:8:      layout_basic, makhleb_altar_promises_db, minmay_misc_feat_doors,
          minivault_10
D:9:      layout_irregular_city, mainiacjoe_overflow_cross_hatched,
          marbit_many_paths, lemuel_flamethrower_1
Temple:   jpeg_temple_clearing

Skill      XL: |  1  2  3  4  5  6  7  8  9 10 |
---------------+-------------------------------+-----
Short Blades   | 2 3 4 5 6 |  6.0
Shields        | 3 4 |  4.0
Armour         | 3 4 5 6 |  6.4
Fighting       | 4 5 8 9 10 | 10.0
Dodging        | 2 3 |  3.0
Long Blades    | 2 3 |  3.8
Invocations    | 3 5 |  5.5
Throwing       | 2 3 |  3.0

Action                   |  1- 3 |  4- 6 |  7- 9 | 10-12 || total
-------------------------+-------+-------+-------+-------++-------
Melee: Rapier            |   163 |   256 |   517 |       ||   936
       Scimitar          |       |       |    25 |    52 ||    77
Throw: Dart              |       |       |     1 |     1 ||     2
Invok: Heroism           |       |       |     1 |       ||     1
  Use: Potion            |       |     2 |     2 |       ||     4
       Scroll            |       |       |    12 |       ||    12
Armor: Scale mail        |    84 |    33 |       |       ||   117
       Ice dragon scales |    11 |    79 |   193 |    10 ||   293
Dodge: Dodged            |    81 |    74 |   197 |    15 ||   367
Block: Buckler           |    78 |   153 |   322 |    29 ||   582

Table legend: (Time is in decaauts)
 A = Elapsed time spent in this place.
 B = Non-inter-level travel time spent in this place.
 C = Inter-level travel time spent in this place.
 D = Time resting spent in this place.
 E = Time spent auto-exploring this place.
 F = Levels seen in this place.
 G = Mean time per level.
                   A        B        C        D        E       F      G
               +--------+--------+--------+--------+--------+-----+--------+
         Total |  11722 |  11277 |    445 |   2863 |   5270 |  11 | 1065.6 |
       Dungeon |  10822 |  10391 |    431 |   2590 |   4995 |   9 | 1202.4 |
        Temple |    170 |    156 |     14 |      0 |     37 |   1 |  170.0 |
         Sewer |    729 |    729 |      0 |    273 |    238 |   1 |  729.0 |
               +--------+--------+--------+--------+--------+-----+--------+

Top non-repeatable levels by time:
     D:5: 2138 daAuts
     D:7: 1494 daAuts
     D:6: 1477 daAuts
     D:9: 1356 daAuts
     D:3: 1129 daAuts
     D:1: 1035 daAuts
     D:8: 998 daAuts
     D:2: 862 daAuts
   Sewer: 729 daAuts
     D:4: 331 daAuts
  Temple: 170 daAuts
